 Dungeon Crawl Stone Soup version 0.22-a0-897-g1b7a381375 (webtiles) character file.

43 Htamos the Skirmisher (level 3, -6/39 HPs)
             Began as an Ogre Gladiator on July 31, 2018.
             Mangled by a gnoll
             ... wielding a +0 halberd
              (7 damage)
             ... on level 1 of the Dungeon.
             The game lasted 00:02:02 (1708 turns).

Htamos the Skirmisher (Ogre Gladiator)              Turns: 1708, Time: 00:02:03

Health: -6/39      AC:  4    Str: 18    XL:     3   Next: 58%
Magic:  3/3        EV: 16    Int:  9    God:
Gold:   63         SH:  0    Dex: 16    Spells: 2/2 levels left

rFire    . . .     SeeInvis .   a - +0 quarterstaff
rCold    . . .     Gourm    .   (shield currently unavailable)
rNeg     . . .     Faith    .   b - +0 robe
rPois    .         Spirit   .   c - +0 hat
rElec    .         Reflect  .   i - +0 cloak
rCorr    .         Harm     .   (gloves unavailable)
MR       .....                  (boots unavailable)
Stlth    ++........             (no amulet)
HPRegen  0.13/turn              (no ring)
MPRegen  0.08/turn              (no ring)

@: agile, lethally poisoned (-6 -> -9)
A: large, unfitting armour, tough skin 1
a: no special abilities


You were on level 1 of the Dungeon.
You were hungry.

You visited 1 branch of the dungeon, and saw 2 of its levels.

You collected 63 gold pieces.

Inventory:

Hand Weapons
 a - a +0 quarterstaff (weapon)
Missiles
 d - 3 throwing nets (quivered)
Armour
 b - a +0 robe (worn)
 c - a +0 hat (worn)
 i - a +0 cloak (worn)
Scrolls
 h - a scroll of teleportation {unknown}
 k - 2 scrolls of amnesia {unknown}
 l - a scroll of remove curse {unknown}
 m - a scroll of identify {unknown}
 n - a scroll of fear {unknown}
Comestibles
 f - 2 rations


   Skills:
 * Level 4.0 Fighting
 + Level 3.4 Staves
 - Level 2.0 Throwing
 + Level 3.1 Dodging


You had 2 spell levels left.
You didn't know any spells.
Your spell library was empty.

Dungeon Overview and Level Annotations

Branches:
Dungeon (2/15)

Altars:


Innate Abilities, Weirdness & Mutations

You are too large for most types of armour.
You have tough skin. (AC +1)


Message History

The adder barely misses you. The adder bites you.
* * * LOW HITPOINT WARNING * * *
The gnoll barely misses you.
Unknown command.
It was a potion of agility.
You feel agile all of a sudden. The adder closely misses you.
Unknown command.
It was a potion of curing.
You feel better. The adder bites you.
* * * LOW HITPOINT WARNING * * *
You are poisoned.
The adder poisons you! The gnoll misses you.
Unknown command.
You closely miss the adder.
The adder is severely wounded.
* * * LOW HITPOINT WARNING * * *
You feel sick. The adder bites you.
* * * LOW HITPOINT WARNING * * *
The gnoll hits you from afar with a halberd!
You die...

###### #....# ######
######....#
#....####...##....#######
#..>.g...................
#....###Sg...#....#######
###.## #S###.#######....#
#.# #@# #.# #.#...
#.####.###.# #.#...
#..........#######.#...
#......................
#######...#.........#..
###.#.###########
#######.#...###
#.............###
####.#........)....# ##


You could see a gnoll and 2 adders.

Vanquished Creatures
  An ooze (D:1)
  A dart slug (D:1)
  2 ball pythons
  A giant cockroach (D:1)
  4 goblins (D:1)
  7 hobgoblins
  2 jackals (D:1)
  7 kobolds (D:1)
  A bat (D:1)
  2 frilled lizards
  6 rats
34 creatures vanquished.

Notes
Turn   | Place    | Note
-------+----------+-------------------------------------------
     0 | D:1      | Htamos the Ogre Gladiator began the quest for the Orb.
     0 | D:1      | Reached XP level 1. HP: 22/22 MP: 1/1
   265 | D:1      | Reached skill level 3 in Fighting
   283 | D:1      | Reached XP level 2. HP: 31/31 MP: 2/2
   769 | D:1      | Reached XP level 3. HP: 33/37 MP: 3/3
  1425 | D:2      | Reached skill level 4 in Fighting
  1705 | D:1      | HP: 1/39 [adder (1)]
  1708 | D:1      | Mangled by a gnoll

Vault maps used:
D:1:      lightli_arrival_maybe_door_vault
D:2:      yredelemnul_forgotten_temple_becter

Skill      XL: |  1  2  3 |
---------------+----------+-----
Fighting       | 3 4 |  4.0
Dodging        | 3 |  3.1
Staves         | |  3.4
Throwing       | |  2.0

Action                   || total
-------------------------++-------
Melee: Quarterstaff      ||   100
  Use: Potion            ||     2
  Eat: Chunk             ||     2
Armor: Robe              ||    41
Dodge: Dodged            ||    85

Table legend:
 A = Spawn XP
 B = Non-spawn XP
 C = Spawn XP percentage of total XP
 D = Spawn monster count
 E = Non-spawn monster count
 F = Spawn count percentage of total count
 G = Total turns spent on level
                    A         B        C        D         E        F      G
               +---------+---------+-------+---------+---------+-------+---------
         Total |       0 |      62 |   0.0 |       0 |      34 |   0.0 |  1708
               +---------+---------+-------+---------+---------+-------+---------
           D:1 |       0 |      53 |   0.0 |       0 |      28 |   0.0 |  1589
           D:2 |       0 |       9 |   0.0 |       0 |       6 |   0.0 |   119
               +---------+---------+-------+---------+---------+-------+---------
